 Dungeon Crawl Stone Soup version 0.32-a0-485-g70f7560b1c (webtiles) character file.

Game seed: 16719138732054693030

641 cforsyth the Chopper (level 7, -15/56 HPs)
             Began as a Coglin Gladiator on Feb 26, 2024.
             Was a High Priest of Ignis.
             Demolished by an ogre
             ... wielding a +0 giant club
              (23 damage)
             ... on level 4 of the Dungeon.
             The game lasted 00:09:01 (3784 turns).

cforsyth the Chopper (Coglin Gladiator)             Turns: 3784, Time: 00:09:02

Health: -15/56     AC:  5    Str: 17    XL:     7   Next: 51%
Magic:  7/7        EV: 12    Int:  7    God:    Ignis [*****.]
Gold:   126        SH:  0    Dex: 15    Spells: 6/6 levels left

rFire   + . .        a - +0 war axe {Cedro}
rCold   . . .        (no shield)
rNeg    . . .        b - +0 leather armour
rPois   .            c - +0 helmet
rElec   .            i - +0 cloak
rCorr   .            (no gloves)
SInv    .            (no boots)
Will    .....        (no amulet)
Stlth   +            (ring unavailable)
HPRegen 0.29/turn    (ring unavailable)
MPRegen 0.10/turn

%: no passive effects
@: revved
A: off-hand wielding, slow wielding, warmup strikes, no rings
a: Renounce Religion, Fiery Armour, Foxfire Swarm, Rising Flame


You were on level 4 of the Dungeon.
You worshipped Ignis.
Ignis was extremely pleased with you.
You visited 1 branch of the dungeon, and saw 4 of its levels.
You also visited: Sewer.

You collected 153 gold pieces.
You spent 27 gold pieces at shops.


Innate Abilities, Weirdness & Mutations

You can wield a second weapon in your off-hand.
It takes a long time for you to wield or remove held weapons.
Your first few attacks do less damage.
Your grasper-arms cannot wear rings.


   Skills:
 + Level 5.0 Fighting
 + Level 5.4 Axes
 - Level 1.7 Throwing
 + Level 3.9 Armour
 - Level 2.6 Dodging


You had 6 spell levels left.
You didn't know any spells.
Your spell library contained the following spells:

 Spells                   Type           Power      Damage    Failure   Level
 Apportation              Tloc           0%         N/A       50%         1
 Blink                    Tloc           0%         N/A       63%         2
 Jinxbite                 Hex            0%         N/A       63%         2
 Lesser Beckoning         Tloc           0%         N/A       63%         2
 Momentum Strike          Conj/Tloc      0%         3d8       63%         2
 Scorch                   Fire           0%         2d5       63%         2
 Call Canine Familiar     Summ           0%         N/A       86%         3
 Sigil of Binding         Hex            0%         N/A       86%         3
 Dimensional Bullseye     Hex/Tloc       0%         N/A       99%         4
 Flame Wave               Conj/Fire      0%         2d4       99%         4
 Alistair's Intoxication  Alch           0%         N/A       100%        5
 Summon Cactus Giant      Summ           0%         N/A       100%        6

Inventory:

Hand Weapons
 a - a +0 war axe (weapon) {Cedro}
Missiles
 d - 3 throwing nets (quivered) {=f}
 e - a javelin
Armour
 b - a +0 leather armour (worn)
 c - a +0 helmet (worn)
 i - a +0 cloak (worn)
Jewellery
 n - an amulet of regeneration
Wands
 k - a wand of polymorph (3)
 r - a wand of iceblast (15)
Scrolls
 j - a scroll of acquirement {unknown}
 m - a scroll of vulnerability
 p - a scroll of enchant armour {unknown}
 q - a scroll of fog
 s - a scroll of fear {unknown}
 t - 2 scrolls of teleportation {unknown}
Potions
 f - 2 potions of curing {@q1}
 g - 2 potions of might
 h - a potion of mutation {unknown}
 l - a potion of heal wounds {unknown}
 o - a potion of degeneration {unknown}
 u - 2 potions of magic
 v - a potion of resistance {unknown}

Dungeon Overview and Level Annotations

Branches:
Dungeon (4/15)             Temple (0/1) D:4           Sewer (visited)

Altars:
Elyvilon
Ignis

Shops:
D:4

**(( #....#####
s.▒▒......▒▒
#....#
..▒▒......▒▒
###....#
..▒▒......▒▒
#......#
▒▒..▒▒......▒▒
#.#.)..#####
▒▒▒...▒▒▒......▒
##'##.[.....#
▒▒▒...▒▒▒......▒+▒
##P.P#######.#
▒g..▒▒▒......▒▒▒
#P...P# #.#
▒O▒▒▒......▒▒▒
#P.>.P# #.#
▒@▒......▒▒▒
#P...P#
#.##▒......▒▒▒
##PPP##
#........▒▒▒ #####
####▒..▒▒▒ ▒▒▒▒


You could see an ogre and a goblin.


Message History

You feel sick. The scorpion stings you.
Unknown command.
You completely miss the scorpion.
The scorpion is severely wounded.
You feel sick. The scorpion misses you.
The scorpion stings you but does no damage.
You completely miss the scorpion.
The scorpion is severely wounded.
You feel sick. The scorpion closely misses you.
You closely miss the scorpion.
The scorpion is severely wounded.
You feel sick. The scorpion completely misses you.
The scorpion closely misses you.
You closely miss the scorpion.
The scorpion is severely wounded.
You feel sick. The scorpion misses you.
You slash the scorpion!
You kill the scorpion!
You feel sick.
You are no longer poisoned.
Your Fighting skill increases to level 5!
You hit the ogre.
The ogre is lightly wounded.
The ogre hits you with a +0 giant club!!
Ouch! That really hurt!
* * * LOW HITPOINT WARNING * * *
It was a potion of magic.
Magic courses through your body.
The ogre hits you with a +0 giant club!!
You die...
Ignis goes out, and joins you in death.

Skill      XL: |  1  2  3  4  5  6  7 |
---------------+----------------------+-----
Armour         | 1 2 3 |  3.9
Fighting       | 3 4 5 |  5.0
Axes           | 4 5 |  5.4
Throwing       | |  1.7
Dodging        | |  2.6

Action                     |  1- 3 |  4- 6 |  7- 9 || total
---------------------------+-------+-------+-------++-------
  Melee: War axe           |   144 |   186 |    24 ||   354
  Evoke: Wand              |       |     1 |       ||     1
    Use: Scroll            |       |     7 |       ||     7
         Potion            |       |     1 |     2 ||     3
   Stab: Sleeping          |     2 |       |       ||     2
 Armour: Leather armour    |    72 |   137 |    26 ||   235
  Dodge: Dodged            |   104 |   140 |    30 ||   274

Levels and vault maps discovered:
D:1:      dpeg_arrival_rooms_with_view, layout_loops_ring,
          minmay_close_crescents
D:2:      layout_basic, chequers_ecumenical_altar_simple_redux
D:3:      layout_basic, elyvilon_altar_5, nicolae_goblin_pals
D:4:      minmay_razor_zed, layout_basic, minmay_temple_entry_enclosed_plants,
          serial_shops, shop, nicolae_shop_temple_entry_statues_fountains,
          kennysheep_mini, shop, nicolae_shop_hallway_stairs,
          gup_sewer_entry_spiral, nicolae_elevator_lobby_asterisk

Notes
Turn   | Place    | Note
-------+----------+-------------------------------------------
     0 | D:1      | cforsyth the Coglin Gladiator began the quest for the Orb.
     0 | D:1      | Reached XP level 1. HP: 16/16 MP: 1/1
   125 | D:1      | Reached XP level 2. HP: 17/22 MP: 2/2
   307 | D:1      | Reached skill level 1 in Armour
   420 | D:1      | Reached XP level 3. HP: 28/28 MP: 3/3
   866 | D:2      | Found a faded altar of an unknown god.
  1348 | D:2      | Prayed at the altar of an unknown god.
  1348 | D:2      | Became a worshipper of Ignis, the Dying Flame
  1417 | D:3      | Reached XP level 4. HP: 27/34 MP: 4/4
  1494 | D:3      | Reached skill level 3 in Fighting
  1597 | D:3      | Noticed Ijyb
  1670 | D:3      | Killed Ijyb
  1824 | D:3      | Reached skill level 2 in Armour
  2160 | D:3      | Reached skill level 4 in Axes
  2160 | D:3      | Reached XP level 5. HP: 27/41 MP: 5/5
  2449 | D:3      | Found a white marble altar of Elyvilon.
  2492 | D:3      | Noticed Robin
  2496 | D:3      | Killed Robin
  2748 | D:4      | Found Vat Lecw's Assorted Antiques.
  2753 | D:4      | Bought a scroll labelled HOINOR TOMALOU for 27 gold pieces
  2828 | D:4      | Found Faeniwn's Weapon Shop.
  2850 | D:4      | Found Japoshiw's Antique Weapon Emporium.
  2862 | D:4      | Noticed a black bear
  2915 | D:4      | Killed a black bear
  2916 | D:4      | Reached skill level 4 in Fighting
  2916 | D:4      | Reached XP level 6. HP: 14/48 MP: 6/6
  2938 | D:4      | Found Urawenegre's Assorted Antiques.
  3080 | D:4      | Reached skill level 3 in Armour
  3171 | D:4      | Found a glowing drain.
  3175 | Sewer    | Entered a sewer
  3421 | Sewer    | Reached skill level 5 in Axes
  3421 | Sewer    | Reached XP level 7. HP: 49/55 MP: 5/7
  3472 | Sewer    | Noticed Pargi
  3489 | Sewer    | Killed Pargi
  3736 | D:4      | Found a staircase to the Ecumenical Temple.
  3783 | D:4      | Reached skill level 5 in Fighting
  3784 | D:4      | Demolished by an ogre

Vanquished Creatures
  Pargi (Sewer)
  A black bear (D:4)
  2 brain worms (Sewer)
  2 scorpions (D:4)
  Ijyb (D:3)
  Robin (D:3)
  3 gnolls (D:3)
  4 adders
  3 dart slugs (D:1)
  2 ribbon worms
  6 orcs
  12 ball pythons
  5 endoplasms
  5 giant cockroaches
  10 goblins
  8 hobgoblins
  4 jackals (D:3)
  3 quokkas
  7 bats
  7 frilled lizards
  10 kobolds
  5 rats
102 creatures vanquished.

Table legend: (Time is in decaauts)
 A = Elapsed time spent in this place.
 B = Non-inter-level travel time spent in this place.
 C = Inter-level travel time spent in this place.
 D = Time resting spent in this place.
 E = Time spent auto-exploring this place.
 F = Levels seen in this place.
 G = Mean time per level.
                   A        B        C        D        E       F      G
               +--------+--------+--------+--------+--------+-----+--------+
         Total |   3977 |   3898 |     79 |    281 |   2189 |   5 |  795.4 |
       Dungeon |   3436 |   3357 |     79 |    181 |   1872 |   4 |  859.0 |
         Sewer |    540 |    540 |      0 |    100 |    316 |   1 |  540.0 |
               +--------+--------+--------+--------+--------+-----+--------+

Top non-repeatable levels by time:
     D:3: 1365 daAuts
     D:1: 819 daAuts
     D:4: 640 daAuts
     D:2: 611 daAuts
   Sewer: 540 daAuts

Table legend:
 A = Non-vault XP
 B = Vault XP
 C = Vault XP percentage of total XP
 D = Non-vault monster count
 E = Vault monster count
 F = Vault count percentage of total count
                 A         B        C        D         E       F
            +---------+---------+-------+---------+---------+-------
      Total |     423 |     494 |  53.9 |      71 |      31 |  30.4
            +---------+---------+-------+---------+---------+-------
        D:1 |      38 |      10 |  20.8 |      21 |       5 |  19.2
        D:2 |      33 |       0 |   0.0 |      18 |       0 |   0.0
        D:3 |     101 |      59 |  36.9 |      22 |       7 |  24.1
        D:4 |     251 |      98 |  28.1 |      10 |       9 |  47.4
      Sewer |       0 |     327 | 100.0 |       0 |      10 | 100.0
            +---------+---------+-------+---------+---------+-------
